 Dungeon Crawl Stone Soup version 0.28.0 (webtiles) character file.

Game seed: 13317769687079007933

138051 browni3141 the Severer (level 16, -3/157 HPs)
             Began as a Minotaur Berserker on Feb 17, 2022.
             Was a High Priest of Trog.
             Slain by a 12-headed hydra (9 damage)
             ... on level 4 of the Swamp.
             The game lasted 00:20:27 (31579 turns).

browni3141 the Severer (Minotaur Berserker)        Turns: 31579, Time: 00:20:28

Health: -3/157     AC: 34    Str: 37    XL:     16   Next: 70%
Magic:  5/5        EV:  8    Int:  4    God:    Trog [*****.]
Gold:   1867       SH: 19    Dex:  9    Spells: 15/15 levels left

rFire   + + +      SeeInvis +   Z - +7 broad axe of the Endless March {antimagic, Fly rF+ rCorr}
rCold   . . .      Faith    +   e - +0 tower shield
rNeg    . . .      Spirit   .   v - +4 plate armour {rF+}
rPois   +          Reflect  .   G - +2 hat
rElec   +          Harm     .   i - +2 cloak
rCorr   +          Rampage  .   E - +2 pair of gloves
Will    +++++                   I - +1 pair of boots
Stlth   ..........              x - amulet "Fuqodunn" {Faith rPois rC- Str+4 SInv}
HPRegen 1.36/turn               g - ring of Vehumet's Grace {rElec rC+ Will+ Slay+3 Stlth-}
MPRegen 0.09/turn               F - ring of protection from fire

@: lethally poisoned (-3 -> -3), strong-willed (expiring), on berserk cooldown,
flying, regenerating (expiring)
A: horns 2, retaliatory headbutt, strong-willed 1, strong 1
a: Renounce Religion, Berserk, Trog's Hand, Brothers in Arms


You were on level 4 of the Swamp.
You worshipped Trog.
Trog was extremely pleased with you.
You visited 3 branches of the dungeon, and saw 25 of its levels.

You collected 1867 gold pieces.


Innate Abilities, Weirdness & Mutations

You have a pair of horns on your head.
You reflexively headbutt those who attack you in melee.
You are strong-willed. (Will+)
Your muscles are strong. (Str +2)


   Skills:
 + Level 17.9 Fighting
 - Level 19.5 Axes
 + Level 17.7 Armour
 - Level 2.1 Dodging
 * Level 18.4 Shields
 - Level 8.0 Evocations


You had 15 spell levels left.
You didn't know any spells.
Your spell library was empty.

Inventory:

Hand Weapons
 P - a +3 broad axe of flaming
 Z - the +7 broad axe of the Endless March (weapon) {antimagic, Fly rF+ rCorr}
   (Trog gifted it to you on level 6 of the Lair of Beasts)

   It reduces the magical energy of the wielder, and disrupts the spells and
   magical abilities of those it strikes.
   Natural abilities and divine invocations are not affected.
   rF:        It protects you from fire.
   Fly:       It grants you flight.
   rCorr:     It protects you from acid and corrosion.
Missiles
 o - 7 throwing nets (quivered)
 L - 4 curare-tipped darts {@f4}
Armour
 e - a +0 tower shield (worn)
 i - a +2 cloak (worn)
 v - a +4 plate armour of fire resistance (worn)
 B - the +5 chain mail "Huomaut" {rC++ rCorr Str-2 SInv}
   (You found it on level 7 of the Dungeon)

   Str:       It affects your strength (-2).
   rC:        It greatly protects you from cold.
   SInv:      It lets you see invisible.
   rCorr:     It protects you from acid and corrosion.
 E - a +2 pair of gloves (worn)
 G - a +2 hat (worn)
 I - a +1 pair of boots (worn)
Jewellery
 g - the ring of Vehumet's Grace (left hand) {rElec rC+ Will+ Slay+3 Stlth-}
   (You acquired it on level 4 of the Lair of Beasts)

   [ring of protection from cold]

   Slay:      It affects your accuracy & damage with ranged weapons and melee
   (+3).
   rC:        It protects you from cold.
   rElec:     It insulates you from electricity.
   Will:      It increases your willpower.
   Stlth:     It makes you less stealthy.
 x - the amulet "Fuqodunn" (around neck) {Faith rPois rC- Str+4 SInv}
   (You found it on level 6 of the Lair of Beasts)

   [amulet of faith]

   It allows you to gain divine favour quickly.
   Str:       It affects your strength (+4).
   rC:        It makes you vulnerable to cold.
   rPois:     It protects you from poison.
   SInv:      It lets you see invisible.
 F - a ring of protection from fire (right hand)
 R - a ring of resist corrosion
Wands
 b - a wand of iceblast (14)
 m - a wand of polymorph (20)
 r - a wand of paralysis (10)
 H - a wand of acid (19)
 Q - a wand of digging (5)
 V - a wand of mindburst (46)
Scrolls
 f - 7 scrolls of teleportation {@r4}
 h - 4 scrolls of fear
 j - 3 scrolls of magic mapping
 k - 3 scrolls of noise {!r}
 l - 6 scrolls of holy word
 w - 5 scrolls of fog {@r5}
 y - a scroll of torment {!r}
 z - 3 scrolls of blinking {@r3}
 A - a scroll of amnesia
 D - 3 scrolls of immolation {!r}
 N - 2 scrolls of silence {!r}
 U - a scroll of brand weapon
 Y - 3 scrolls of identify {@r1}
Potions
 a - 3 potions of heal wounds {unknown}
 c - a potion of magic {unknown}
 d - 6 potions of curing {@q1}
 n - 2 potions of might
 p - 4 potions of degeneration {unknown}
 q - 3 potions of mutation {!q}
 s - 5 potions of haste {@q3}
 t - 4 potions of flight {unknown}
 u - 3 potions of resistance {unknown}
 C - a potion of lignification {!q}
 K - a potion of berserk rage {!q}
 O - 6 potions of ambrosia
 T - a potion of brilliance
 W - 5 potions of attraction {unknown}
 X - a potion of invisibility
Miscellaneous
 J - a phantom mirror (inert)
 M - a piece from Xom's chessboard (15/15)
 S - a phial of floods

Dungeon Overview and Level Annotations

Branches:
Dungeon (15/15)            Temple (0/1) D:5            Lair (6/6) D:9
  Swamp (4/4) Lair:4        Snake (0/4) Lair:2        Slime (0/5) Lair:6
    Orc (0/2) D:10         Vaults (0/5) D:14         Depths (0/4) D:15

Altars:
Cheibriados
Dithmenos
Elyvilon
Gozag
Nemelex Xobeh
Qazlal
Zin
Jiyva
Lugonu

Shops:
D:8 *   D:14 =

Portals:
Abyss: Lair:3
Trove: D:15 (give 5 potions of resistance)

Annotations:
Swamp:1 Roxanne

≈≈≈**,≈≈,*♣..,≈**♣♣♣♣..≈≈♣♣♣♣♣♣.≈
≈≈≈,*≈≈,*♣♣..♣♣♣♣♣≈.≈...≈.♣≈.♣♣[.
,,≈≈≈,,≈*♣≈≈♣.≈≈.♣♣♣...≈≈....°...
*,,,≈,≈.♣*♣♣.≈≈≈≈.♣♣≈♣D..DD.D.○○☼
****,≈≈..≈♣≈.≈≈≈≈../.D..♣..≈.≈D..
**,,,,≈.....≈≈.♣♣≈§≈≈≈..♣♣.♣.≈D≈.
≈,≈≈≈≈*.§≈..○○<§♣≈.≈≈≈.♣♣♣♣.≈....
*,≈≈,≈≈≈≈≈.♣♣○kD♣♣♣≈≈≈.♣♣...≈.≈♣.
≈≈,,,≈≈≈..≈*♣○○D@..≈≈..♣$≈..≈..♣#
≈≈≈,,≈≈<♣**♣♣°○≈°≈°♣♣♣♣♣♣.♣♣.≈.♣,
,,,,**,**♣♣♣§≈≈≈°≈≈.♣♣ ♣♣*♣♣.≈≈≈
,******* ♣≈≈.≈≈≈≈≈≈≈.♣ *.≈.≈≈ **
*≈♣♣♣.≈≈.≈≈≈§≈≈♣♣ ♣♣...♣ *
*♣....≈≈.≈≈≈≈≈≈♣♣♣♣♣ ♣♣..♣ **
♣.≈≈≈≈≈≈.≈≈.♣♣♣♣≈.♣♣ **≈* ,**
♣≈≈≈≈≈≈.♣≈≈.♣♣.≈≈≈.♣ *** ≈≈*
♣.≈≈≈≈≈≈♣♣♣♣♣♣.≈≈≈.♣


You could see a 12-headed hydra, a swamp dragon and a swamp drake.


Message History

The 11-headed hydra bites you but does no damage. x2
You block the 11-headed hydra's attack.
The 11-headed hydra barely misses you. x2
You slice one of the 11-headed hydra's heads off!
The ten-headed hydra grows two more!
You chop the 12-headed hydra into pieces!!!
The 12-headed hydra is severely wounded.
You slash the swamp dragon!
You feel yourself speed up.
You feel sick. You block the swamp dragon's attack. x3
The 12-headed hydra bites you.
* * * LOW HITPOINT WARNING * * *
You block the 12-headed hydra's attack. The 12-headed hydra bites you!
* * * LOW HITPOINT WARNING * * *
The 12-headed hydra bites you but does no damage.
The 12-headed hydra completely misses you.
The 12-headed hydra bites you but does no damage.
The 12-headed hydra closely misses you.
The 12-headed hydra bites you but does no damage. x3
You block the 12-headed hydra's attack.
The 12-headed hydra bites you but does no damage.
The swamp dragon bites you but does no damage.
The swamp dragon completely misses you.
The swamp dragon tramples you but does no damage.
The 12-headed hydra barely misses you. You block the 12-headed hydra's attack.
The 12-headed hydra closely misses you.
The 12-headed hydra bites you but does no damage. x4
The 12-headed hydra closely misses you.
The 12-headed hydra bites you but does no damage.
The 12-headed hydra bites you!
You die...

Skill      XL: |  1  2  3  4  5  6  7  8  9 10 11 12 13 14 15 16 |
---------------+-------------------------------------------------+-----
Axes           | 4 5 6 7 8 10 14 17 19 | 19.5
Fighting       | 4 5 6 8 9 10 12 13 14 15 16 17 | 17.9
Armour         | 3 4 6 7 9 10 12 13 14 15 16 17 | 17.7
Shields        | 6 10 13 16 18 | 18.4
Evocations     | 3 5 7 8 |  8.0
Dodging        | |  2.1

Action                   |  1- 3 |  4- 6 |  7- 9 | 10-12 | 13-15 | 16-18 || total
-------------------------+-------+-------+-------+-------+-------+-------++-------
Melee: Hand axe          |    49 |    99 |   103 |       |       |       ||   251
       Headbutt          |     5 |    18 |    43 |    81 |   202 |    49 ||   398
       Punch             |     2 |     1 |     3 |     2 |       |       ||     8
       War axe           |       |       |    93 |   362 |   125 |       ||   580
       Broad axe         |       |       |       |       |   678 |   193 ||   871
Invok: Berserk           |     1 |     1 |     3 |    13 |    18 |     4 ||    40
       Trog's Hand       |       |       |     3 |     1 |     5 |     3 ||    12
       Brothers in Arms  |       |       |       |       |       |     4 ||     4
Evoke: Wand              |       |       |       |       |       |     3 ||     3
       Phial of floods   |       |       |       |       |       |     1 ||     1
       Phantom mirror    |       |       |       |       |       |     1 ||     1
  Use: Scroll            |       |       |       |    14 |    15 |     2 ||    31
       Potion            |       |       |       |       |     1 |     2 ||     3
Armor: Animal skin       |     6 |       |       |       |       |       ||     6
       Chain mail        |    12 |    53 |   106 |   315 |   451 |       ||   937
       Plate armour      |       |       |       |       |     7 |   222 ||   229
Dodge: Dodged            |    21 |    32 |   106 |   202 |   302 |    78 ||   741
Block: Buckler           |       |       |       |    30 |   131 |       ||   161
       Kite shield       |       |       |       |       |   271 |       ||   271
       Tower shield      |       |       |       |       |    12 |   252 ||   264

Levels and vault maps discovered:
D:1:      dpeg_arrival_radiant, layout_loops_ring,
          shapermc_ecumenical_altar_hornbeckon, minmay_pentomino_q4
D:2:      layout_loops_ring, serial_bayou_ford_a, nrook_loot_triangle,
          uniq_sigmund
D:3:      layout_loops_cross, nicolae_dithmenos_through_a_glass_darkly,
          grunt_temple_overflow_open
D:4:      layout_basic, mainiacjoe_overflow_brackets
D:5:      layout_loops_ring, minmay_temple_entry_stoned_glass
D:6:      layout_basic, nicolae_overflow_hidden_temple, minmay_manual_macuahuitl
D:7:      layout_basic, mainiacjoe_overflow_concentric_impassable,
          minmay_crossroads, uniq_harold
D:8:      layout_basic, serial_shops, nicolae_shop_crystal,
          corexii_checkpoint_a, uniq_gastronok, uniq_pikel
D:9:      layout_stronghold, lair_entry_dummy, uniq_prince_ribbit1, uniq_psyche
D:10:     layout_irregular_city, kennysheep_orc_monster_closet_entryway,
          hellmonk_bongcloud_opening
D:11:     minmay_angry_zag, layout_irregular_city, gauntlet_entry_generic,
          grunt_ministairs_14, nemelex_lonely_heart_becter
D:12:     layout_loops_corners, serial_bayou, serial_bayou_pond_c,
          serial_bayou_crossing, serial_bayou_pond_b, serial_bayou_pond_c,
          special_room [special_room_bee], uniq_snorg, uniq_josephine,
          uniq_jorgrun
D:13:     layout_cave_pools
D:14:     layout_cave_pods, david_vaults_5, serial_shops, kennysheep_mini_moat,
          kennysheep_generic_room_4, uniq_rupert, uniq_kirke
D:15:     grunt_enter_depths_hoard, layout_basic,
          nicolae_trove_entry_free_sample, minmay_misc_feat_doors, uniq_louise
Lair:1:   layout_roguey, minivault_23, grunt_forest_large_clearing_hut,
          uniq_grum
Lair:2:   layout_layer_cave, guppyfry_snake_entry_garden, nicolae_lair_lil_pond,
          forest_entry_grove, lemuel_fruit_tree
Lair:3:   layout_cave_pods, gammafunk_ghost_grave,
          amcnicky_altar_lugonu_corruption
Lair:4:   layout_loops_ring, palyth_hydra_swamp_entry, grunt_megastairs_1,
          serial_bayou_shore_b
Lair:5:   layout_small_grid, hellmonk_ghost_happy_afterlife
Lair:6:   due_jungle_book, layout_regular_city, slime_altar_1,
          portal_ice_cave_entry_animals_and_master, serial_bayou_shore_b,
          grunt_megastairs_2, infiniplex_staircase_pool
Swamp:1:  layout_basic_swamp, evilmike_swamp_ruin_house_5, uniq_mlioglotl,
          uniq_frances, uniq_roxanne
Swamp:2:  layout_basic_swamp, evilmike_swamp_ruin_house_4
Swamp:3:  layout_basic_swamp, nicolae_swamp_orc_logging_accident, uniq_nikola,
          uniq_donald
Swamp:4:  swamp_old_school, layout_basic_swamp, swamp_pool1

Notes
Turn   | Place    | Note
-------+----------+-------------------------------------------
     0 | D:1      | browni3141 the Minotaur Berserker began the quest for the
                  | Orb.
     0 | D:1      | Reached XP level 1. HP: 19/19 MP: 0/0
    47 | D:1      | Found a faded altar of an unknown god.
   226 | D:1      | Reached skill level 4 in Axes
   226 | D:1      | Reached XP level 2. HP: 21/27 MP: 1/1
   555 | D:1      | Reached skill level 4 in Fighting
   976 | D:2      | Noticed Sigmund
   993 | D:2      | Killed Sigmund
   994 | D:2      | Reached skill level 5 in Axes
   994 | D:2      | Reached skill level 3 in Armour
   994 | D:2      | Reached XP level 3. HP: 28/35 MP: 2/2
   994 | D:2      | Reached XP level 4. HP: 33/41 MP: 3/3
   994 | D:2      | Reached XP level 5. HP: 38/47 MP: 4/4
  1278 | D:2      | Reached skill level 4 in Armour
  1457 | D:2      | Reached ** piety under Trog
  1458 | D:2      | Reached skill level 6 in Axes
  1505 | D:2      | Noticed a phantom
  1532 | D:2      | Killed a phantom
  1533 | D:2      | Reached skill level 5 in Fighting
  1533 | D:2      | Reached XP level 6. HP: 20/56 MP: 5/5
  2172 | D:3      | Found a shadowy altar of Dithmenos.
  2426 | D:3      | Found an opulent altar of Gozag.
  2430 | D:3      | Found a white marble altar of Elyvilon.
  2805 | D:4      | Reached skill level 7 in Axes
  2870 | D:4      | Reached XP level 7. HP: 52/61 MP: 6/6
  2888 | D:4      | Reached skill level 5 in Armour
  2889 | D:4      | HP: 3/61 [wyvern skeleton (4)]
  2895 | D:4      | HP: 6/61 [wyvern skeleton (2)]
  2902 | D:4      | HP: 6/61 [wyvern skeleton (7)]
  3377 | D:4      | Found a stormy altar of Qazlal.
  3389 | D:4      | Reached skill level 6 in Fighting
  3556 | D:4      | Reached skill level 8 in Axes
  3842 | D:5      | Entered Level 5 of the Dungeon
  3871 | D:5      | Reached *** piety under Trog
  3872 | D:5      | Reached skill level 6 in Armour
  3872 | D:5      | Reached XP level 8. HP: 54/71 MP: 7/7
  4174 | D:5      | Found a staircase to the Ecumenical Temple.
  4235 | D:5      | Reached skill level 9 in Axes
  4443 | D:5      | Reached skill level 7 in Fighting
  5357 | D:6      | Found a glowing silver altar of Zin.
  5417 | D:6      | Reached skill level 10 in Axes
  5417 | D:6      | Reached skill level 7 in Armour
  5978 | D:6      | Reached skill level 8 in Fighting
  5978 | D:6      | Reached XP level 9. HP: 65/81 MP: 8/8
  6285 | D:7      | Noticed Harold
  6300 | D:7      | Killed Harold
  6301 | D:7      | Reached skill level 12 in Axes
  6301 | D:7      | Reached skill level 8 in Armour
  6367 | D:7      | Identified the +5 chain mail "Huomaut" {rC++ rCorr Str-2
                  | SInv}
  6409 | D:7      | Reached skill level 13 in Axes
  6494 | D:7      | Reached skill level 9 in Fighting
  6594 | D:7      | Found a snail-covered altar of Cheibriados.
  6601 | D:7      | Reached **** piety under Trog
  6657 | D:7      | Reached skill level 14 in Axes
  7005 | D:8      | Reached skill level 9 in Armour
  7005 | D:8      | Reached XP level 10. HP: 91/91 MP: 9/9
  7029 | D:8      | Noticed a boulder beetle
  7040 | D:8      | Killed a boulder beetle
  7045 | D:8      | Reached skill level 15 in Axes
  7218 | D:8      | Found Jyp Hele's General Store.
  7301 | D:8      | Noticed Pikel
  7312 | D:8      | Killed Pikel
  7313 | D:8      | Reached skill level 10 in Fighting
  7494 | D:8      | Noticed Gastronok
  7504 | D:8      | Killed Gastronok
  7505 | D:8      | Reached skill level 16 in Axes
  7505 | D:8      | Reached skill level 10 in Armour
  8022 | D:9      | Found a staircase to the Lair.
  8136 | D:9      | Noticed Psyche
  8145 | D:9      | Killed Psyche
  8146 | D:9      | Reached skill level 17 in Axes
  8358 | D:9      | Noticed Prince Ribbit
  8364 | D:9      | Killed Prince Ribbit
  8420 | D:9      | Reached ***** piety under Trog
  8578 | D:9      | Noticed a centaur warrior
  8585 | D:9      | Killed a centaur warrior
  8586 | D:9      | Reached XP level 11. HP: 90/101 MP: 10/10
  8831 | D:9      | Noticed a two-headed ogre
  8840 | D:9      | Killed a two-headed ogre
  8841 | D:9      | Reached skill level 11 in Fighting
  9251 | D:10     | Entered Level 10 of the Dungeon
  9393 | D:10     | Found a staircase to the Orcish Mines.
  9416 | D:10     | Reached skill level 18 in Axes
  9419 | D:10     | Reached skill level 11 in Armour
 10145 | Lair:1   | Entered Level 1 of the Lair of Beasts
 10366 | Lair:1   | Noticed an eight-headed hydra
 10376 | Lair:1   | Killed a 15-headed hydra
 10685 | Lair:1   | Noticed Grum
 10693 | Lair:1   | Killed Grum
 11008 | Lair:1   | Received a gift from Trog
 11097 | Lair:1   | Noticed an eight-headed hydra
 11097 | Lair:1   | Noticed a five-headed hydra
 11418 | Lair:1   | Killed an 11-headed hydra
 11419 | Lair:1   | Reached skill level 12 in Fighting
 11422 | Lair:1   | Killed a ten-headed hydra
 12008 | Lair:2   | Reached skill level 19 in Axes
 12465 | Lair:2   | Noticed a seven-headed hydra
 12477 | Lair:2   | Reached skill level 12 in Armour
 12477 | Lair:2   | Reached XP level 12. HP: 113/113 MP: 11/11
 12479 | Lair:2   | Killed an 11-headed hydra
 12655 | Lair:2   | Noticed a catoblepas
 12665 | Lair:2   | Killed a catoblepas
 12827 | Lair:2   | Noticed a six-headed hydra
 12837 | Lair:2   | Killed a 12-headed hydra
 13076 | Lair:2   | Found a staircase to the Snake Pit.
 14000 | Lair:3   | Found a runed translucent door.
 14000 | Lair:3   | Noticed GrayStillPlays's ghost (journeyman GrFi)
 14088 | Lair:3   | Noticed a five-headed hydra
 14097 | Lair:3   | Killed an eight-headed hydra
 14098 | Lair:3   | Reached skill level 1 in Shields
 14463 | Lair:3   | Found a one-way gate to the infinite horrors of the Abyss.
 14541 | Lair:3   | Found a corrupted altar of Lugonu.
 14546 | Lair:3   | Reached skill level 2 in Shields
 14546 | Lair:3   | Reached skill level 1 in Evocations
 14962 | Lair:3   | Reached skill level 3 in Shields
 15698 | Lair:3   | Killed GrayStillPlays's ghost
 15699 | Lair:3   | Reached skill level 13 in Fighting
 15699 | Lair:3   | Reached skill level 4 in Shields
 15699 | Lair:3   | Reached skill level 2 in Evocations
 15877 | Lair:4   | Reached skill level 5 in Shields
 15926 | Lair:4   | Noticed a catoblepas
 15930 | Lair:4   | Killed a catoblepas
 15951 | Lair:4   | Reached skill level 13 in Armour
 15960 | Lair:4   | Reached skill level 3 in Evocations
 16069 | Lair:4   | Noticed a six-headed hydra
 16069 | Lair:4   | Noticed a six-headed hydra
 16071 | Lair:4   | Found a staircase to the Swamp.
 16085 | Lair:4   | HP: 9/115 [six-headed hydra (13)]
 16405 | Lair:4   | Reached skill level 6 in Shields
 16935 | Lair:4   | Noticed a seven-headed hydra
 16945 | Lair:4   | Killed an 11-headed hydra
 17271 | Lair:4   | Identified a scroll of acquirement
 17275 | Lair:4   | Acquired the ring of Vehumet's Grace {rElec rC+ Will+
                  | Slay+3 Stlth-}
 17296 | Lair:5   | Noticed Ypehuijo's ghost (journeyman OpFi)
 17330 | Lair:5   | Reached XP level 13. HP: 116/122 MP: 12/12
 17366 | Lair:5   | Reached skill level 7 in Shields
 17423 | Lair:5   | Reached skill level 4 in Evocations
 17789 | Lair:5   | Reached skill level 8 in Shields
 17806 | Lair:5   | Found a runed translucent door.
 18425 | Lair:5   | Killed Ypehuijo's ghost
 18558 | Lair:6   | Entered Level 6 of the Lair of Beasts
 18577 | Lair:6   | Reached skill level 14 in Fighting
 18589 | Lair:6   | Reached skill level 9 in Shields
 18647 | Lair:6   | Identified the +7 broad axe of the Endless March
                  | {antimagic, Fly rF+ rCorr} (Trog gifted it to you on level
                  | 6 of the Lair of Beasts)
 18647 | Lair:6   | Received a gift from Trog
 18917 | Lair:6   | Reached skill level 5 in Evocations
 19271 | Lair:6   | Reached skill level 14 in Armour
 19328 | Lair:6   | Found a viscous altar of Jiyva.
 19328 | Lair:6   | Found a staircase to the Slime Pits.
 19357 | Lair:6   | Reached skill level 10 in Shields
 20391 | Lair:6   | Noticed a dire elephant
 20391 | Lair:6   | Noticed a dire elephant
 20391 | Lair:6   | Noticed a dire elephant
 20392 | Lair:6   | Noticed a dire elephant
 20392 | Lair:6   | Noticed a dire elephant
 20403 | Lair:6   | Killed a dire elephant
 20663 | Lair:6   | Reached XP level 14. HP: 128/133 MP: 4/13
 20692 | Lair:6   | Reached skill level 11 in Shields
 20703 | Lair:6   | Reached skill level 6 in Evocations
 21382 | Lair:6   | Reached skill level 15 in Fighting
 21398 | Lair:6   | Identified the amulet "Fuqodunn" {Faith rPois rC- Str+4
                  | SInv}
 21727 | Lair:6   | Reached skill level 12 in Shields
 22719 | D:11     | Found a sparkling altar of Nemelex Xobeh.
 22719 | D:11     | Noticed Jessica
 22721 | D:11     | Killed Jessica
 22844 | D:11     | Reached skill level 15 in Armour
 22851 | D:11     | Received a gift from Trog
 23299 | D:12     | Reached skill level 7 in Evocations
 23480 | D:12     | Noticed Josephine
 23486 | D:12     | Killed Josephine
 23487 | D:12     | Reached skill level 13 in Shields
 23678 | D:12     | Noticed Snorg
 23696 | D:12     | Killed Snorg
 24086 | D:12     | Received a gift from Trog
 24569 | D:12     | Noticed Jorgrun
 24584 | D:12     | Killed Jorgrun
 25170 | D:13     | Reached XP level 15. HP: 114/143 MP: 4/14
 25564 | D:13     | Reached skill level 14 in Shields
 26437 | D:14     | Noticed Rupert
 26781 | D:14     | Reached skill level 16 in Fighting
 26939 | D:14     | Reached skill level 8 in Evocations
 27147 | D:14     | Killed Rupert
 27153 | D:14     | Reached skill level 16 in Armour
 27264 | D:14     | Found a gate to the Vaults.
 27425 | D:14     | Noticed Kirke
 27429 | D:14     | Reached skill level 15 in Shields
 27435 | D:14     | Killed Kirke
 28054 | D:14     | Found Kap Ur Diz's Jewellery Boutique.
 28297 | D:15     | Entered Level 15 of the Dungeon
 28402 | D:15     | Received a gift from Trog
 28614 | D:15     | Found a staircase to the Depths.
 28721 | D:15     | Reached skill level 16 in Shields
 28993 | D:15     | Found a portal to a secret trove of treasure.
 29227 | D:15     | Noticed Louise
 29244 | D:15     | Killed Louise
 29879 | Swamp:1  | Entered Level 1 of the Swamp
 29881 | Swamp:1  | Noticed Frances
 29895 | Swamp:1  | Killed Frances
 29910 | Swamp:1  | Reached XP level 16. HP: 86/154 MP: 5/15
 29914 | Swamp:1  | Reached skill level 17 in Fighting
 30219 | Swamp:1  | Gained mutation: Your spells are a little easier to cast,
                  | but a little less powerful. [potion of mutation]
 30220 | Swamp:1  | Lost mutation: Your spells are a little easier to cast, but
                  | a little less powerful. [potion of mutation]
 30220 | Swamp:1  | Gained mutation: You are robust. (+10% HP) [potion of
                  | mutation]
 30220 | Swamp:1  | Lost mutation: You are robust. (+10% HP) [potion of
                  | mutation]
 30220 | Swamp:1  | Gained mutation: You are strong-willed. (Will+) [potion of
                  | mutation]
 30220 | Swamp:1  | Gained mutation: Your muscles are strong. (Str +2) [potion
                  | of mutation]
 30420 | Swamp:1  | Noticed Roxanne
 30490 | Swamp:1  | Noticed Mlioglotl
 30497 | Swamp:1  | Noticed a tentacled starspawn
 30505 | Swamp:1  | Killed Mlioglotl
 30716 | Swamp:2  | Reached skill level 17 in Armour
 30717 | Swamp:2  | Reached skill level 17 in Shields
 30966 | Swamp:3  | Noticed Nikola
 30982 | Swamp:3  | Killed Nikola
 30998 | Swamp:3  | Noticed Donald
 31001 | Swamp:3  | Received a gift from Trog
 31014 | Swamp:3  | HP: 19/232 [Donald (6)]
 31016 | Swamp:3  | HP: 9/232 [Donald (11)]
 31018 | Swamp:3  | Killed Donald
 31302 | Swamp:4  | Entered Level 4 of the Swamp
 31498 | Swamp:4  | Reached skill level 18 in Shields
 31507 | Swamp:4  | Noticed the 27-headed Lernaean hydra
 31536 | Swamp:4  | Killed the 27-headed Lernaean hydra
 31573 | Swamp:4  | HP: 14/157 [swamp dragon (4)]
 31579 | Swamp:4  | HP: 15/157 [12-headed hydra (3)]
 31579 | Swamp:4  | HP: 6/157 [12-headed hydra (9)]
 31579 | Swamp:4  | Slain by a 12-headed hydra

Vanquished Creatures
  the Lernaean hydra (Swamp:4)
  Nikola (Swamp:3)
  Jorgrun (D:12)
  Mlioglotl (Swamp:1)
  Rupert (D:14)
  Frances (Swamp:1)
  Gastronok (D:8)
  Kirke (D:14)
  Donald (Swamp:3)
  Louise (D:15)
  3 eleionomae
  5 dire elephants (Lair:6)
  Snorg (D:12)
  A fire dragon (D:15)
  Josephine (D:12)
  The ghost of Ypehuijo the Spear-Bearer, a journeyman OpFi of Gozag (Lair:5)
  The ghost of GrayStillPlays the Protected, a journeyman GrFi of Gozag (Lair:3)
  A vault guard (D:14)
  3 boulder beetles
  A ghost crab (Swamp:2)
  2 ice dragons
  Harold (D:7)
  22 hydras
  3 catoblepae
  2 death knights
  7 centaur warriors
  5 two-headed ogres
  3 death yaks (Lair:6)
  5 alligators
  A tengu warrior (D:14)
  A spectral dire elephant (Lair:6)
  11 skeletal warriors
  A spectral anaconda (Lair:6)
  2 goliath frogs (Swamp:1)
  A spriggan druid (Swamp:3)
  An obsidian statue (Lair:6)
  A lindwurm (Lair:6)
  A bog body (Swamp:1)
  A wizard (D:14)
  7 swamp dragons
  Pikel (D:8)
  4 necromancers (Lair:6)
  3 phantasmal warriors
  13 ugly things
  4 manticores
  4 cyclopes
  4 deep elf pyromancers
  2 will-o-the-wisps
  14 elephants
  6 black mambas
  7 cane toads
  2 gargoyles (D:12)
  2 torpor snails
  An unseen horror (shapeshifter) (D:14)
  5 rime drakes
  A dire elephant skeleton (Lair:6)
  Psyche (D:9)
  2 efreet
  3 freezing wraiths
  4 komodo dragons
  2 kobold demonologists
  9 meliai
  A queen bee (D:12)
  5 polar bears
  A bloated husk (Swamp:1)
  4 trolls
  7 hornets
  4 blink frogs (Lair:5)
  5 dream sheep (Lair:6)
  13 slime creatures
  5 tyrant leeches
  A meliai zombie (D:11)
  Prince Ribbit (D:9)
  A spectral elephant (Lair:6)
  A vampire (D:12)
  Sigmund (D:2)
  8 wraiths
  A shadow (D:11)
  8 spriggans
  45 yaks
  4 wyverns
  A steam dragon (D:7)
  3 hogs (D:14)
  16 vampire mosquitoes
  Grum (Lair:1)
  4 basilisks
  A death yak simulacrum (Lair:6)
  2 spectral cane toads (Lair:6)
  2 nagas (Lair:2)
  6 swamp worms
  An acid dragon (D:12)
  9 water moccasins
  5 orc warriors
  3 swamp drakes (Swamp:4)
  3 sky beasts
  3 black bears
  An ice beast (D:6)
  3 necrophages
  4 ogres
  An elephant skeleton (Lair:6)
  18 wolves
  A phantom (D:2)
  3 lemures (D:8)
  10 centaurs
  7 kobold brigands
  15 bullfrogs
  3 gnoll sergeants
  3 scorpions
  A wyvern skeleton (D:4)
  28 killer bees
  9 wights
  An electric eel (Lair:6)
  3 howler monkeys
  A bullfrog zombie (D:6)
  4 centaur zombies
  4 hounds
  2 jellies
  3 gnoll shamans
  8 orc priests
  A centaur skeleton (D:7)
  Jessica (D:11)
  3 bullfrog skeletons
  3 iguanas
  11 orc wizards
  4 hell rats (Lair:6)
  5 hound skeletons (D:4)
  23 gnolls
  4 adders
  An ufetubus (D:5)
  An adder zombie (D:5)
  2 worms
  3 dart slugs
  39 orcs
  5 endoplasms
  2 giant cockroaches (D:1)
  9 goblins
  4 hobgoblins
  14 kobolds
  3 quokkas
  4 ball pythons
  8 bats
  A frilled lizard (D:1)
  4 rats
  A lurking horror (Lair:3)
665 creatures vanquished.

Vanquished Creatures (collateral kills)
  An eleionoma (Swamp:3)
  2 hydras (Swamp:4)
  A goliath frog (Swamp:3)
  4 swamp dragons (Swamp:4)
  A tyrant leech (Swamp:3)
  A swamp worm (Swamp:4)
  A swamp drake (Swamp:4)
11 creatures vanquished.

Vanquished Creatures (others)
  A goliath frog (Swamp:1)
  An unseen horror (D:11)
  2 bloated husks (Swamp:1)
  2 tyrant leeches
  8 foxfires
  33 fungi
  A lurking horror (Lair:3)
  66 plants
  2 starspawn tentacles (Swamp:1)
  19 withered plants (Lair:6)
135 creatures vanquished.

Grand Total: 811 creatures vanquished

Table legend: (Time is in decaauts)
 A = Elapsed time spent in this place.
 B = Non-inter-level travel time spent in this place.
 C = Inter-level travel time spent in this place.
 D = Time resting spent in this place.
 E = Time spent auto-exploring this place.
 F = Levels seen in this place.
 G = Mean time per level.
                   A        B        C        D        E       F      G
               +--------+--------+--------+--------+--------+-----+--------+
         Total |  31668 |  30574 |   1094 |   6749 |  19898 |  25 | 1266.7 |
       Dungeon |  17963 |  17231 |    732 |   2983 |  11976 |  15 | 1197.5 |
          Lair |  11998 |  11636 |    362 |   3098 |   7349 |   6 | 1999.7 |
         Swamp |   1706 |   1706 |      0 |    667 |    572 |   4 |  426.5 |
               +--------+--------+--------+--------+--------+-----+--------+

Top non-repeatable levels by time:
  Lair:6: 3267 daAuts
  Lair:2: 2101 daAuts
    D:12: 2094 daAuts
  Lair:4: 1938 daAuts
    D:14: 1934 daAuts
  Lair:3: 1848 daAuts
  Lair:1: 1573 daAuts
     D:9: 1571 daAuts
     D:5: 1308 daAuts
    D:15: 1293 daAuts
  Lair:5: 1268 daAuts
     D:6: 1130 daAuts
     D:2: 1109 daAuts
    D:13: 1087 daAuts
     D:8: 1060 daAuts

Table legend:
 A = Non-vault XP
 B = Vault XP
 C = Vault XP percentage of total XP
 D = Non-vault monster count
 E = Vault monster count
 F = Vault count percentage of total count
                 A         B        C        D         E       F
            +---------+---------+-------+---------+---------+-------
      Total |  118655 |   78562 |  39.8 |     489 |     188 |  27.8
            +---------+---------+-------+---------+---------+-------
        D:1 |      29 |       6 |  17.1 |      17 |       4 |  19.0
        D:2 |     144 |     227 |  61.2 |      12 |       1 |   7.7
        D:3 |     140 |       0 |   0.0 |      14 |       0 |   0.0
        D:4 |     526 |       0 |   0.0 |      31 |       0 |   0.0
        D:5 |     932 |       0 |   0.0 |      32 |       0 |   0.0
        D:6 |     521 |     366 |  41.3 |       7 |       5 |  41.7
        D:7 |    1707 |     883 |  34.1 |      16 |       2 |  11.1
        D:8 |    1924 |    2177 |  53.1 |      26 |       4 |  13.3
        D:9 |    2414 |     626 |  20.6 |      15 |       2 |  11.8
       D:10 |    1436 |    1427 |  49.8 |      13 |      20 |  60.6
       D:11 |    5420 |    2338 |  30.1 |      34 |       7 |  17.1
       D:12 |    6499 |    8947 |  57.9 |      10 |      37 |  78.7
       D:13 |    9529 |       0 |   0.0 |      27 |       0 |   0.0
       D:14 |   14750 |    8581 |  36.8 |      38 |      14 |  26.9
       D:15 |   12332 |    2938 |  19.2 |      24 |       3 |  11.1
     Lair:1 |    3061 |    1608 |  34.4 |       7 |       7 |  50.0
     Lair:2 |    3886 |    1459 |  27.3 |      11 |       9 |  45.0
     Lair:3 |    3810 |     890 |  18.9 |      14 |       1 |   6.7
     Lair:4 |    6196 |    2282 |  26.9 |      23 |       6 |  20.7
     Lair:5 |    8379 |     907 |   9.8 |      33 |       1 |   2.9
     Lair:6 |   10501 |   20894 |  66.6 |      30 |      41 |  57.7
    Swamp:1 |    8346 |    3136 |  27.3 |      24 |       2 |   7.7
    Swamp:2 |    5085 |       0 |   0.0 |      12 |       0 |   0.0
    Swamp:3 |    6644 |    3894 |  37.0 |      11 |       2 |  15.4
    Swamp:4 |    4444 |   14976 |  77.1 |       8 |      20 |  71.4
            +---------+---------+-------+---------+---------+-------
